 Dungeon Sprint DCSS version 0.28-a0-697-g47f3eba078 (webtiles) character file.

Game seed: 16457228717600923417

3 mhtbhm the Ducker (level 1, 16/16 HPs)
             Began as a Human Gladiator on Oct 24, 2021.
             Quit the game in the Dungeon (Sprint III: "The Ten Rune Challenge").
             The game lasted 00:00:12 (258 turns).

mhtbhm the Ducker (Human Gladiator)                  Turns: 258, Time: 00:00:12

Health: 16/16      AC:  4    Str: 14    XL:     1   Next: 55%
Magic:  1/1        EV: 12    Int:  8    God:
Gold:   0          SH:  0    Dex: 14    Spells: 0/0 levels left

rFire   . . .      SeeInvis .   a - +0 long sword
rCold   . . .      Faith    .   (no shield)
rNeg    . . .      Spirit   .   b - +0 leather armour
rPois   .          Reflect  .   c - +0 helmet
rElec   .          Harm     .   (no cloak)
rCorr   .          Rampage  .   (no gloves)
Will    .....      NoTele   +   (no boots)
Stlth   +.........              (no amulet)
HPRegen 0.05/turn               (no ring)
MPRegen 0.07/turn               (no ring)

@: no status effects
A: no striking features
a: no special abilities


You were in the Dungeon.
You visited 1 branch

Inventory:

Hand Weapons
 a - a +0 long sword (weapon)
Missiles
 d - 3 throwing nets (quivered)
Armour
 b - a +0 leather armour (worn)
 c - a +0 helmet (worn)
Scrolls
 j - a scroll of blinking
Potions
 e - a potion of curing
 f - a potion of heal wounds
 g - a potion of haste
 h - 2 potions of magic
 i - a potion of berserk rage


   Skills:
 + Level 2.1 Fighting
 + Level 3.4 Long Blades
 + Level 2.2 Throwing
 + Level 3.6 Dodging


You couldn't memorise any spells.
You didn't know any spells.
Your spell library was empty.

Dungeon Overview and Level Annotations

Branches:
Dungeon (1/1)

Altars:


Message History

You slash the rat!
You kill the rat!
There is an open door here.
You see here a rat corpse.
You start resting.
You start resting.
You start resting.
You see here 24 stones.
You open the door.
A rat comes into view.
Unknown command.
A rat comes into view.
Found a ring mail.
There is an open door here.
The rat closely misses you.
You closely miss the rat.
The rat bites you but does no damage. x2
The rat completely misses you. The rat bites you but does no damage.
You hit the rat.
You kill the rat!
The rat bites you but does no damage.
You closely miss the rat. The rat misses you.
You closely miss the rat. The rat barely misses you.
You hit the rat.
The rat is severely wounded.
The rat closely misses you.
You closely miss the rat.
The rat is severely wounded.
The rat barely misses you. x2
You hit the rat but do no damage.
The rat is severely wounded.
The rat completely misses you.
You slash the rat!
You kill the rat!
No target in view!
No target in view!
No target in view!
You start waiting.
You start waiting.
Okay, then.
Are you sure you want to abandon this character and quit the game? (Confirm with "yes".)

▓<.#
▓..#
▓#÷####
▓.....#
▓.....#
▓....(#
▓####'#
▓[....#
▓.@...#
▓.....#
▓+#####


There were no monsters in sight!

Vanquished Creatures
  An endoplasm (D)
  3 rats (D)
4 creatures vanquished.

Notes
Turn   | Place    | Note
-------+----------+-------------------------------------------
     0 | D        | mhtbhm the Human Gladiator began the quest for the Orb.
     0 | D        | Reached XP level 1. HP: 16/16 MP: 1/1
   258 | D        | Quit the game

Illustrated notes

Levels and vault maps discovered:
D:        dungeon_sprint_mu [sprint_mu_entry_forest, sprint_mu_temple_rooms,
          sprint_mu_d1_spiders, sprint_mu_d2_genie, sprint_mu_d3_branching,
          sprint_mu_orc_legion, sprint_mu_elf_gauntlet, sprint_mu_hive_nellie,
          sprint_mu_lair_fedhas, sprint_mu_vaults_butterflies,
          sprint_mu_slime_circle, sprint_mu_swamp_cave, sprint_mu_snake_twists,
          sprint_mu_blade_basic, sprint_mu_crypt_lich, sprint_mu_tomb_spiral,
          sprint_mu_vestibule_basic, sprint_mu_gehenna_hellfire,
          sprint_mu_dis_giant, sprint_mu_tartarus_statrot,
          sprint_mu_cocytus_islands, sprint_mu_zot1]

Action                   || total
-------------------------++-------
Melee: Long sword        ||    15
Armor: Leather armour    ||     5
Dodge: Dodged            ||    14

Table legend: (Time is in decaauts)
 A = Elapsed time spent in this place.
 B = Non-inter-level travel time spent in this place.
 C = Inter-level travel time spent in this place.
 D = Time resting spent in this place.
 E = Time spent auto-exploring this place.
 F = Levels seen in this place.
 G = Mean time per level.
                   A        B        C        D        E       F      G
               +--------+--------+--------+--------+--------+-----+--------+
         Total |    261 |    261 |      0 |    227 |      0 |   1 |  261.0 |
       Dungeon |    261 |    261 |      0 |    227 |      0 |   1 |  261.0 |
               +--------+--------+--------+--------+--------+-----+--------+

Top non-repeatable levels by time:
       D: 261 daAuts
